 Dungeon Sprint DCSS version 0.20.1-1-g8b1a95d (webtiles) character file.

43 potatolord6000 the Ducker (level 3, -5/31 HPs)
             Began as a Merfolk Gladiator on Aug 28, 2017.
             Was an Initiate of Qazlal.
             Slain by a merfolk
             ... wielding a +0 trident
              (16 damage)
             ... in the Dungeon (Sprint V: "Ziggurat Sprint").
             The game lasted 00:01:10 (151 turns).

potatolord6000 the Ducker (Merfolk Gladiator)        Turns: 151, Time: 00:01:11

Health: -5/31      AC:  5    Str: 14    XL:     3   Next: 58%
Magic:  7/7        EV: 18    Int:  7    God:    Qazlal [......]
Gold:   0          SH:  0    Dex: 28    Spells: 8/8 levels left

rFire    . . .     SeeInvis .   y - +5 great sword
rCold    . . .     Gourm    .   (shield currently unavailable)
rNeg     . . .     Faith    .   b - +0 leather armour
rPois    +         Spirit   .   c - +0 helmet
rElec    .         Reflect  .   a - +0 cloak {rPois}
rCorr    .         Harm     .   (no gloves)
MR       .....     NoTele   +   (no boots)
Stlth    ++........             (no amulet)
Regen    0.1/turn               d - +6 ring of dexterity
MPRegen  0.1/turn               l - +6 ring of dexterity

@: hasted, very quick
A: change form in water, swift swim, stealthy swim
a: Renounce Religion


You were in the Dungeon.
You worshipped Qazlal.
Qazlal was noncommittal.
You were not hungry.

You visited 1 branch

Inventory:

Hand Weapons
 y - a +5 great sword (weapon)
Armour
 a - a +0 cloak of poison resistance (worn)
 b - a +0 leather armour (worn)
 c - a +0 helmet (worn)
Jewellery
 d - a +6 ring of dexterity (left hand)
 l - a +6 ring of dexterity (right hand)
Scrolls
 k - 4 scrolls of blinking
 o - 4 scrolls of amnesia
 p - 3 scrolls of recharging
 q - 7 scrolls of fog
 r - a scroll of holy word
 s - 5 scrolls of identify
 t - 5 scrolls of remove curse
 u - 2 scrolls of fear
Potions
 e - 10 potions of curing
 g - 10 potions of heal wounds
 h - 5 potions of haste
 i - 7 potions of magic
 j - 3 potions of berserk rage
 v - 2 potions of brilliance
 w - 2 potions of invisibility
 x - 4 potions of resistance
 A - 5 potions of agility
 B - 5 potions of might
Comestibles
 f - 5 bread rations
 m - 42 fruits
 n - 4 meat rations


   Skills:
 + Level 4.7 Fighting
 + Level 5.3 Long Blades
 - Level 2.0 Throwing
 + Level 6.4 Dodging
 + Level 3.3 Spellcasting
 + Level 4.0 Invocations


You had 8 spell levels left.
You didn't know any spells.

Dungeon Overview and Level Annotations

Branches:
Dungeon (1/1)

Altars:
Ashenzari
Cheibriados
Dithmenos
Elyvilon
Fedhas
Gozag
Hepliaklqana
Kikubaaqudgha
Makhleb
Nemelex Xobeh
Okawaru
Qazlal
Ru
Sif Muna
Trog
Uskayaw
Vehumet
Xom
Yredelemnul
Zin
The Shining One
Beogh
Jiyva
Lugonu

Annotations:
D 1 transporter


Message History

You enter the transporter and appear at another place. 3 merfolk come into view.
Found three items.
Found a transporter.
Unknown command.
The merfolk shouts! x2
The merfolk hits you but does no damage.
The merfolk hits you from afar with a trident!
The merfolk hits you with a trident. x2
You slash the merfolk!
The merfolk is lightly wounded.
The merfolk hits you with a trident. The merfolk closely misses you.
The merfolk misses you.
You riposte.
You slash the merfolk!
The merfolk is moderately wounded.
Unknown command.
You slash the merfolk!
The merfolk is heavily wounded.
The merfolk hits you with a trident! The merfolk barely misses you.
The merfolk hits you with a trident!
Ouch! That really hurt!
You die...

▓▓▓▓▓▓▓▓▓▓▓▓▓
▓.8©8.▓.8©8.▓
▓.|}).▓.....▓
▓.mmm.▓...:.▓
▓..@..▓.....▓
▓.....▓.....▓
▓.....▓.....▓
▓.....▓▓▓▓▓▓▓
▓▓▓▓▓▓▓


You could see 3 merfolk.

Vanquished Creatures
  An iguana (D)
  A river rat (D)
2 creatures vanquished.

Notes
Turn   | Place    | Note
-------+----------+-------------------------------------------
     0 | D        | potatolord6000 the Merfolk Gladiator began the quest for the Orb.
     0 | D        | Reached XP level 1. HP: 16/16 MP: 1/1
     1 | D        | Found a blossoming altar of Fedhas.
     2 | D        | Found a transporter.
     2 | D        | Found a viscous altar of Jiyva.
     2 | D        | Found an ancient bone altar of Kikubaaqudgha.
     2 | D        | Found a hazy altar of Hepliaklqana.
     2 | D        | Found a corrupted altar of Lugonu.
     2 | D        | Found an opulent altar of Gozag.
     2 | D        | Found a burning altar of Makhleb.
     7 | D        | Found an iron altar of Okawaru.
     7 | D        | Found a stormy altar of Qazlal.
     7 | D        | Found a sparkling altar of Nemelex Xobeh.
     7 | D        | Found a sacrificial altar of Ru.
     7 | D        | Found a deep blue altar of Sif Muna.
    12 | D        | Found a bloodstained altar of Trog.
    23 | D        | Became a worshipper of Qazlal Stormbringer
    75 | D        | Reached skill level 5 in Dodging
    75 | D        | Reached XP level 2. HP: 25/25 MP: 1/5
   120 | D        | Entered arena 2.
   120 | D        | Found a transporter.
   124 | D        | Reached skill level 5 in Long Blades
   124 | D        | Reached skill level 6 in Dodging
   124 | D        | Reached XP level 3. HP: 31/31 MP: 5/7
   146 | D        | Entered arena 3.
   146 | D        | Noticed a merfolk
   146 | D        | Noticed a merfolk
   146 | D        | Noticed a merfolk
   146 | D        | Found a transporter.
   151 | D        | Slain by a merfolk

Skill      XL: |  1  2  3 |
---------------+----------+-----
Fighting       | 4 |  4.7
Long Blades    | 4 5 |  5.3
Dodging        | 5 6 |  6.4
Spellcasting   | 2 3 |  3.3
Invocations    | 3 4 |  4.0
Throwing       | |  2.0

Action                   || total
-------------------------++-------
Melee: Great sword       ||     7
  Use: Potion            ||     2
 Stab: Sleeping          ||     2
Armor: Leather armour    ||     2
Dodge: Dodged            ||     5
       Rpst.: Great sword ||     1
